 Dungeon Crawl Stone Soup version 0.19.3-4-gbf9329e (webtiles) character file.

103 empire the Skirmisher (level 4, -1/41 HPs)
             Began as a Minotaur Fighter on Jan 27, 2017.
             Slain by a hobgoblin (4 damage)
             ... on level 3 of the Dungeon.
             The game lasted 00:03:38 (1753 turns).

empire the Skirmisher (Minotaur Fighter)            Turns: 1753, Time: 00:03:40

Health: -1/41      AC:  9    Str: 21    XL:     4   Next: 51%
Magic:  3/3        EV:  7    Int:  5    God:
Gold:   118        SH:  9    Dex: 10    Spells: 0 memorised, 3 levels left

rFire  . . .     SeeInvis .     a - +0 long sword
rCold  . . .     Gourm    .     b - +0 scale mail
rNeg   . . .     Faith    .     c - +0 shield
rPois  .         Spirit   .     (helmet restricted)
rElec  .         Reflect  .     t - +0 cloak
rCorr  .         Harm     .     m - +0 pair of gloves
MR     .....                    (no boots)
Stlth  ..........               (no amulet)
                                (no ring)
                                (no ring)

@: no status effects
A: retaliatory headbutt, horns 2
a: no special abilities


You were on level 3 of the Dungeon.
You were not hungry.

You visited 1 branch of the dungeon, and saw 3 of its levels.

You collected 118 gold pieces.

Inventory:

Hand Weapons
 a - a +0 long sword (weapon)
 r - a +3 vampiric hand axe
Armour
 b - a +0 scale mail (worn)
 c - a +0 shield (worn)
 m - a +0 pair of gloves (worn)
 t - a +0 cloak (worn)
Scrolls
 e - 2 scrolls of remove curse {unknown}
 j - 2 scrolls of blinking {unknown}
 k - a scroll of random uselessness {unknown}
 l - a scroll of fear {unknown}
 q - a scroll of amnesia {unknown}
 s - a scroll of identify {unknown}
Potions
 d - a potion of might
 i - a potion of agility {unknown}
 n - a potion of flight {unknown}
 o - a potion of heal wounds {unknown}
 p - a potion of curing {unknown}
 u - a potion of lignification {unknown}
Comestibles
 f - a bread ration
 g - a royal jelly
 h - a slice of pizza


   Skills:
 + Level 4.7 Fighting
 + Level 3.2 Long Blades
 + Level 4.3 Armour
 + Level 4.5 Shields


You had 3 spell levels left.
You didn't know any spells.

Dungeon Overview and Level Annotations

Branches:
Dungeon (3/15)

Altars:
Fedhas
The Shining One


Innate Abilities, Weirdness & Mutations

You reflexively headbutt those who attack you in melee.
You have a pair of horns on your head.


Message History

You hit the orc priest but do no damage.
The orc priest is heavily wounded.
You block the hobgoblin's attack. The orc priest barely misses you.
You furiously retaliate!
You headbutt the orc priest!
You riposte.
You hit the orc priest but do no damage.
Your headbutt misses the orc priest.
The orc priest is almost dead.
The hobgoblin hits you but does no damage.
You barely miss the orc priest.
The orc priest is almost dead.
The orc priest hits you but does no damage.
You block the hobgoblin's attack.
You hit the orc priest but do no damage.
You headbutt the orc priest, but do no damage.
The orc priest is almost dead.
The orc priest mumbles some strange prayers to Beogh against you.
Pain shoots through your body!
* * * LOW HITPOINT WARNING * * *
The hobgoblin hits you.
You die...

## .. ..# ## #.# #.#
#.## #..##.# ##...#
#..#.# #....###
#.#.###o.....#
#......@g.#
#.........##
#.............
######.........##...
#...##..........# #.
#...............##
#...##.<.........# #
#######<........#..#.#.
#.....####....####.#...


You could see an orc priest and a hobgoblin.

Vanquished Creatures
  Terence (D:2)
  A worm (D:3)
  3 dart slugs (D:1)
  2 orcs (D:3)
  A giant cockroach (D:2)
  8 goblins
  7 hobgoblins
  9 jackals (D:1)
  2 quokkas (D:2)
  A ball python (D:1)
  11 bats
  8 frilled lizards
  4 kobolds (D:1)
  7 rats
65 creatures vanquished.

Notes
Turn   | Place    | Note
-------+----------+-------------------------------------------
     0 | D:1      | empire the Minotaur Fighter began the quest for the Orb.
     0 | D:1      | Reached XP level 1. HP: 19/19 MP: 0/0
    16 | D:1      | Reached XP level 2. HP: 24/27 MP: 1/1
   505 | D:1      | Reached XP level 3. HP: 17/33 MP: 2/2
  1127 | D:2      | Found a blossoming altar of Fedhas.
  1378 | D:2      | Noticed Terence
  1386 | D:2      | Killed Terence
  1386 | D:2      | Reached XP level 4. HP: 36/41 MP: 3/3
  1531 | D:2      | Found a glowing golden altar of the Shining One.
  1753 | D:3      | Slain by a hobgoblin

Skill      XL: |  1  2  3 |
---------------+----------+-----
Fighting       | 4 |  4.7
Shields        | 4 |  4.5
Armour         | 4 |  4.3
Long Blades    | 3 |  3.2

Action                   |  1- 3 |  4- 6 || total
-------------------------+-------+-------++-------
Melee: Long sword        |   108 |    22 ||   130
       Headbutt          |    14 |     6 ||    20
  Eat: Chunk             |     1 |     2 ||     3
Armor: Scale mail        |    71 |    13 ||    84
Dodge: Dodged            |    55 |    15 ||    70
Block: Shield            |    74 |    24 ||    98
       Rpst.: Long sword |    18 |     5 ||    23
